 Dungeon Crawl Stone Soup version 0.29.0-4-gdea44cf6ec (webtiles) character file.

Game seed: 10235440643641281228

19 qw the Chopper (level 2, -3/17 HPs)
             Began as a Tengu Warper on Aug 28, 2022.
             Slain by a goblin
             ... wielding a +0 dagger
              (4 damage)
             ... on level 2 of the Dungeon.
             The game lasted 00:00:04 (767 turns).

qw the Chopper (Tengu Warper)                        Turns: 767, Time: 00:00:05

Health: -3/17      AC:  5    Str: 11    XL:     2   Next: 75%
Magic:  6/6        EV: 10    Int: 13    God:
Gold:   20         SH:  0    Dex: 13    Spells: 5/5 levels left

rFire   . . .      SeeInvis .   Y - +0 hand axe
rCold   . . .      Faith    .   (no shield)
rNeg    . . .      Spirit   .   h - +0 ring mail
rPois   .          Reflect  .   (helmet restricted)
rElec   .          Harm     .   (no cloak)
rCorr   .          Rampage  .   (no gloves)
Will    .....                   (boots unavailable)
Stlth   +.........              (no amulet)
HPRegen 0.05/turn               (no ring)
MPRegen 0.10/turn               (no ring)

@: no status effects
A: beak, talons 3
a: no special abilities


You were on level 2 of the Dungeon.
You visited 1 branch of the dungeon, and saw 2 of its levels.

You collected 20 gold pieces.


Innate Abilities, Weirdness & Mutations

You have a beak for a mouth.
You have claws for feet.


   Skills:
 - Level 2.0 Fighting
 + Level 3.5 Axes
 - Level 1.0 Throwing
 - Level 1.1 Armour
 - Level 2.1 Dodging
 - Level 2.0 Spellcasting
 - Level 2.4 Translocations


You had 5 spell levels left.
You didn't know any spells.
Your spell library contained the following spells:

 Spells                   Type           Power      Damage    Failure   Level
 Blink                    Tloc           14%        N/A       34%         2
 Gell's Gravitas          Tloc           7%         N/A       56%         3
 Lesser Beckoning         Tloc           7%         N/A       56%         3
 Teleport Other           Tloc           7%         N/A       56%         3
 Manifold Assault         Tloc           7%         N/A       99%         5

Inventory:

Hand Weapons
 f - a +0 club
 Y - a +0 hand axe (weapon)
Armour
 h - a +0 ring mail (worn)
Scrolls
 e - a scroll of identify
Potions
 j - a potion of curing {unknown}

Dungeon Overview and Level Annotations

Branches:
Dungeon (2/15)

Altars:
Ru

Annotations:
D:2 Robin


Message History

The goblin hits you but does no damage.
You hit the jackal. You claw the jackal, but do no damage.
Your peck misses the jackal.
The jackal is almost dead.
You hit the goblin. You hit the goblin but do no damage.
The goblin no longer looks unusually strong.
The goblin unwields a +0 sling.
The goblin wields a +0 dagger.
The goblin hits you but does no damage.
The jackal bites you but does no damage.
The goblin hits you but does no damage.
You hit the jackal.
You kill the jackal!
You hit the goblin.
You kill the goblin!
You hit the goblin but do no damage. The goblin barely misses you.
You hit the goblin. Your kick misses the goblin.
The goblin is severely wounded.
You closely miss the goblin.
The goblin no longer looks unusually strong.
The hobgoblin no longer looks unusually strong.
The goblin hits you but does no damage. The goblin barely misses you.
A jackal comes into view.
The goblin hits you with a +0 dagger.
The jackal barks!
You hit the goblin.
You kill the goblin!
You barely miss the goblin. The goblin hits you with a +0 dagger.
You barely miss the goblin. Robin throws the goblin at you!
The goblin hits you but does no damage. The goblin barely misses you.
You hit the goblin.
The goblin is severely wounded.
You barely miss the goblin.
The goblin no longer looks unusually strong.
Robin roars a battlecry!
The goblins go into a battle-frenzy!
The goblin hits you with a +0 dagger.
You die...

# ###..## ##.
##...##
####..###..###
..........##
.#####..##
#...## g #.###
... #g#
.....###@#
.......)g#
#..#...##g..#
#....h g..#
....... g..#
..##### ...# #
.... .....


You could see Robin, a jackal, a hobgoblin (strong) and 3 goblins.

Vanquished Creatures
  2 endoplasms
  9 goblins
  2 jackals (D:2)
  A ball python (D:1)
  A bat (D:1)
  A frilled lizard (D:1)
  A rat (D:1)
17 creatures vanquished.

Notes
Turn   | Place    | Note
-------+----------+-------------------------------------------
     0 | D:1      | qw the Tengu Warper began the quest for the Orb.
     0 | D:1      | Reached XP level 1. HP: 12/12 MP: 4/4
     0 | D:1      | 0 ||| qw: Version: 0.1-a-89-g26bdef1
     0 | D:1      | 0 ||| qw: Game counter: 1258
     0 | D:1      | 0 ||| qw: Always use a shield: true
     0 | D:1      | 0 ||| qw: God list: Okawaru
     0 | D:1      | 0 ||| qw: Allow faded altars: false
     0 | D:1      | 0 ||| qw: Do Orc after D:15 true
     0 | D:1      | 0 ||| qw: Do second Lair branch before Depths: true
     0 | D:1      | 0 ||| qw: Lair rune preference: random
     0 | D:1      | 0 ||| qw: Plans: Normal
     0 | D:1      | 0 ||| PLANNING D:1-11
   256 | D:1      | Found a faded altar of an unknown god.
   564 | D:1      | 564 ||| UPGRADING to +0 ring mail.
   574 | D:1      | 574 ||| DROPPING +0 leather armour.
   575 | D:1      | 575 ||| READING scroll labelled LIUMO CUCAT.
   576 | D:1      | 576 ||| READING 2 scrolls labelled NEUCIUSTR YVARCH.
   577 | D:1      | 577 ||| READING scroll labelled KYPRONKEOV.
   678 | D:1      | 678 ||| READING 2 scrolls labelled XIOCAG POLIBBU.
   679 | D:1      | 679 ||| READING scroll labelled ROCWILAXU.
   680 | D:1      | 680 ||| READING scroll labelled QUEMELAVVI.
   684 | D:1      | 684 ||| DRINKING 2 fizzy white potions.
   685 | D:1      | 685 ||| DROPPING scroll of blinking.
   686 | D:1      | 686 ||| DROPPING scroll of fear.
   687 | D:1      | 687 ||| DROPPING potion of brilliance.
   700 | D:2      | Found a sacrificial altar of Ru.
   709 | D:2      | Reached XP level 2. HP: 16/17 MP: 6/6
   746 | D:2      | Noticed Robin
   747 | D:2      | 747 ||| Stepping ~*~*~tactically~*~*~ (hiding).
   749 | D:2      | 749 ||| Stepping ~*~*~tactically~*~*~ (stealth).
   751 | D:2      | Reached skill level 3 in Axes
   757 | D:2      | HP: 4/17 [jackal (2)]
   764 | D:2      | HP: 2/17 [goblin/+0 dagger[Robin] (3)]
   767 | D:2      | Slain by a goblin

Levels and vault maps discovered:
D:1:      amcnicky_arrival_feature_with_door, layout_basic,
          hellmonk_ecumenical_altar_lost_god, serial_bayou_pond_a
D:2:      minmay_chambers_of_ones, layout_rooms, basic_altar, uniq_sigmund,
          uniq_robin, uniq_natasha

Skill      XL: |  1  2 |
---------------+-------+-----
Axes           | 3 |  3.5
Fighting       | |  2.0
Throwing       | |  1.0
Armour         | |  1.1
Dodging        | |  2.1
Spellcasting   | |  2.0
Translocations | |  2.4

Action                   || total
-------------------------++-------
Melee: Hand axe          ||    25
       Kick              ||     5
       Peck              ||     1
Throw: Boomerang         ||     7
  Use: Scroll            ||     6
       Potion            ||     1
Armor: Ring mail         ||    19
Dodge: Dodged            ||    13

Table legend:
 A = Non-vault XP
 B = Vault XP
 C = Vault XP percentage of total XP
 D = Non-vault monster count
 E = Vault monster count
 F = Vault count percentage of total count
                 A         B        C        D         E       F
            +---------+---------+-------+---------+---------+-------
      Total |      16 |      12 |  42.9 |      10 |       7 |  41.2
            +---------+---------+-------+---------+---------+-------
        D:1 |       8 |       0 |   0.0 |       6 |       0 |   0.0
        D:2 |       8 |      12 |  60.0 |       4 |       7 |  63.6
            +---------+---------+-------+---------+---------+-------
